 Dungeon Crawl Stone Soup version 0.21-a0-88-g13b9641 (webtiles) character file.

378 sagitran the Fighter (level 6, -1/57 HPs)
             Began as a Gnoll Wanderer on June 23, 2017.
             Slain by a gnoll
             ... wielding a +0 whip
              (7 damage)
             ... on level 3 of the Dungeon on June 27, 2017.
             The game lasted 00:29:26 (2344 turns).

sagitran the Fighter (Gnoll Wanderer)               Turns: 2344, Time: 00:29:28

Health: -1/57      AC:  4    Str: 13    XL:     6   Next: 74%
Magic:  8/8        EV: 14    Int: 12    God:
Gold:   83         SH:  0    Dex: 14    Spells: 8/8 levels left

rFire    . . .     SeeInvis .   v - +0 scythe (curse)
rCold    . . .     Gourm    .   (shield currently unavailable)
rNeg     + . .     Faith    .   d - +0 robe
rPois    .         Spirit   .   (no helmet)
rElec    .         Reflect  .   j - +0 cloak
rCorr    .         Harm     .   i - +0 pair of gloves
MR       .....                  (no boots)
Stlth    ++........             s - amulet of rage (curse)
HPRegen  0.19/turn              n - ring of positive energy
MPRegen  0.11/turn              y - ring of wizardry

@: no status effects
A: short attention span, fangs 1, strong nose
a: Evoke Berserk Rage


You were on level 3 of the Dungeon.
You were hungry.

You visited 1 branch of the dungeon, and saw 4 of its levels.

You collected 83 gold pieces.

Inventory:

Hand Weapons
 a - a +2 spear
 e - a +1 hunting sling of freezing
 o - a +0 hand axe
 p - a +0 mace
 q - a +3 quarterstaff of chaos
 v - a cursed +0 scythe (weapon)
 A - a +0 halberd
 C - a +1 mace of protection
Missiles
 k - 97 stones (quivered)
 t - 25 sling bullets
Armour
 d - a +0 robe (worn)
 i - a +0 pair of gloves (worn)
 j - a +0 cloak (worn)
 w - a +0 cloak
Jewellery
 n - a ring of positive energy (left hand)
 s - a cursed amulet of rage (around neck)
 y - a ring of wizardry (right hand)
Scrolls
 b - 3 scrolls of fear
Potions
 c - 3 potions of lignification
 g - a potion of haste {unknown}
 h - a potion of might {unknown}
 m - 2 potions of brilliance
 r - a potion of agility {unknown}
 u - a potion of ambrosia {unknown}
 z - a potion of invisibility {unknown}
 D - a potion of magic {unknown}
Comestibles
 f - 2 bread rations
 l - a royal jelly
 B - 2 meat rations


   Skills:
 + Level 8.5 Fighting
 + Level 4.0 Polearms
 + Level 4.0 Slings
 + Level 3.6 Dodging
 + Level 3.5 Stealth
   Level 1.7 Shields
 + Level 1.9 Spellcasting
   Level 3.2 Conjurations


You had 8 spell levels left.
You didn't know any spells.

Dungeon Overview and Level Annotations

Branches:
Dungeon (4/15)
 Temple: D:4-7

Altars:
Fedhas
Hepliaklqana
Nemelex Xobeh
Okawaru


Innate Abilities, Weirdness & Mutations

You have a short attention span.
You have very sharp teeth.
Your uncanny sense of smell can sniff out nearby items.


Message History

The gnoll shaman calls upon its god to heal the gnoll.
The gnoll's wounds heal themselves!
The gnoll hits you but does no damage.
The gnoll hits the plant but does no damage.
The gnoll hits the plant.
You hear a distant blaring wail to the west.
The hobgoblin hits the plant with a club.
The gnoll barely misses you. The gnoll closely misses you. The gnoll hits you.
* * * LOW HITPOINT WARNING * * *
Attack whom?
Press: ? - help, Dir - move target cursor You reach to attack!
You attack empty space.
The gnoll hits you.
* * * LOW HITPOINT WARNING * * *
The gnoll closely misses you.
The gnoll hits you with an enchanted dagger.
* * * LOW HITPOINT WARNING * * *
The gnoll misses you. The gnoll hits you with a whip!
You die...

####################
............P......#
....P..............#
≈≈≈≈≈≈≈≈≈≈≈≈≈≈≈.@..#
≈≈≈≈≈≈≈≈≈≈≈≈≈≈≈ggg.#
≈≈≈≈≈≈≈h#####≈≈....#
........#g..#≈≈.g..#
#########.g.#≈≈..g.#
∆ #+###≈≈.g..#
#.≈≈≈....#
#.≈≈≈....#
#.≈≈≈....#


You could see 5 gnolls and a hobgoblin.

Vanquished Creatures
  Sigmund (D:2)
  An orc wizard (D:4)
  Crazy Yiuf (D:2)
  Jessica (D:2)
  An iguana (D:4)
  4 adders
  A gnoll (D:3)
  A worm (D:2)
  A dart slug (D:2)
  3 leopard geckos
  3 orcs (D:4)
  2 giant cockroaches
  4 goblins
  4 hobgoblins
  18 jackals
  A ball python (D:2)
  4 bats
  5 frilled lizards
  6 kobolds
  6 rats
  A fungus (D:2)
69 creatures vanquished.

Notes
Turn   | Place    | Note
-------+----------+-------------------------------------------
     0 | D:1      | sagitran the Gnoll Wanderer began the quest for the Orb.
     0 | D:1      | sagitran set off with: a +2 spear, a potion of curing, a potion of lignification, a +0 robe, a bread ration
     0 | D:1      | Reached XP level 1. HP: 24/24 MP: 3/3
     2 | D:1      | Noticed a vine stalker
     4 | D:1      | Noticed a halfling
     6 | D:1      | Noticed a formicid
     6 | D:1      | Noticed a felid
    14 | D:1      | Noticed a minotaur
    14 | D:1      | Noticed a naga
    16 | D:1      | Noticed a centaur
    18 | D:1      | Noticed a tengu
    18 | D:1      | Noticed a troll
    20 | D:1      | Noticed an ogre
    20 | D:1      | Noticed a dwarf
    22 | D:1      | Noticed a merfolk
    22 | D:1      | Noticed a demigod
    24 | D:1      | Upgraded the game from 0.21-a0-81-gc5150db to 0.21-a0-84-g85d6d27
    24 | D:1      | Noticed an elf
    24 | D:1      | Noticed a gargoyle
    26 | D:1      | Noticed a spriggan
    26 | D:1      | Noticed an octopode
    28 | D:1      | Noticed a ghoul
    31 | D:1      | Noticed a human
    31 | D:1      | Noticed a draconian
    33 | D:1      | Noticed a demonspawn
    33 | D:1      | Noticed a vampire
    41 | D:1      | Upgraded the game from 0.21-a0-84-g85d6d27 to 0.21-a0-88-g13b9641
   193 | D:1      | Reached XP level 2. HP: 30/31 MP: 4/4
   756 | D:2      | Reached XP level 3. HP: 36/37 MP: 5/5
   768 | D:2      | Noticed Jessica
   778 | D:2      | Killed Jessica
   778 | D:2      | Reached skill level 8 in Fighting
   786 | D:2      | Reached XP level 4. HP: 44/44 MP: 6/6
   834 | D:2      | Noticed Sigmund
   841 | D:2      | Killed Sigmund
   841 | D:2      | Reached skill level 1 in Dodging
   841 | D:2      | Reached XP level 5. HP: 51/51 MP: 7/7
   895 | D:2      | Found a blossoming altar of Fedhas.
   928 | D:2      | Reached XP level 6. HP: 41/57 MP: 8/8
   998 | D:2      | Found an iron altar of Okawaru.
  1358 | D:2      | Found a runed door.
  1362 | D:2      | Noticed Crazy Yiuf
  1369 | D:2      | Killed Crazy Yiuf
  1979 | D:4      | Found a sparkling altar of Nemelex Xobeh.
  2174 | D:4      | Found a hazy altar of Hepliaklqana.
  2344 | D:3      | Slain by a gnoll

Vault maps used:
D:1:      kb_arrival_jail
D:2:      nicolae_overflow_hidden_temple, fedhas_altar_4,
          minmay_misc_feat_enclosed, uniq_jessica, uniq_crazy_yiuf_cottage,
          uniq_sigmund
D:3:      lemuel_castle_with_subvaults, overflow_temple_1_default,
          kennysheep_generic_room_3, uniq_terence
D:4:      nemelex_xobeh_ov_fountains_minmay, lemuel_round_altar, first_bread

Skill      XL: |  1  2  3  4  5  6 |
---------------+-------------------+-----
Stealth        | 2 3 |  3.5
Fighting       | 8 |  8.5
Polearms       | 2 4 |  4.0
Slings         | 3 4 |  4.0
Dodging        | 1 3 |  3.6
Shields        | |  1.7
Spellcasting   | |  1.9
Conjurations   | |  3.2

Action                   |  1- 3 |  4- 6 || total
-------------------------+-------+-------++-------
Melee: Spear             |    38 |       ||    38
       Bite              |     4 |    24 ||    28
       Scythe            |       |   170 ||   170
       Mace              |       |     4 ||     4
 Fire: Hunting sling     |    15 |    10 ||    25
Throw: Stone             |       |     1 ||     1
  Use: Scroll            |       |     7 ||     7
       Potion            |       |     2 ||     2
 Stab: Sleeping          |     2 |     4 ||     6
       Distracted        |       |     1 ||     1
  Eat: Bread ration      |       |     1 ||     1
Armor: Robe              |     4 |   112 ||   116
Dodge: Dodged            |    15 |   292 ||   307
